 Dungeon Crawl Stone Soup version 0.23.2-1-ga50397a (webtiles) character file.

Game seed: 511403315727486732

183 schauveau the Archer (level 5, 0/41 HPs)
             Began as a Centaur Hunter on May 2, 2019.
             Succumbed to an adder's poison
             ... on level 3 of the Dungeon.
             The game lasted 00:03:50 (2240 turns).

schauveau the Archer (Centaur Hunter)               Turns: 2240, Time: 00:03:50

Health: 0/41       AC:  5    Str: 15    XL:     5   Next: 35%
Magic:  5/5        EV:  9    Int: 10    God:
Gold:   107        SH:  0    Dex: 10    Spells: 4/4 levels left

rFire    . . .     SeeInvis .   b - +0 morningstar (holy)
rCold    . . .     Gourm    .   (no shield)
rNeg     . . .     Faith    .   r - +1 robe of Coegia {MR+ rCorr Stlth+}
rPois    .         Spirit   .   (no helmet)
rElec    .         Reflect  .   (no cloak)
rCorr    +         Harm     .   (no gloves)
MR       +....                  (no barding)
Stlth    ++........             (no amulet)
HPRegen  0.13/turn              (no ring)
MPRegen  0.09/turn              (no ring)

@: lethally poisoned (0 -> -17), very quick
A: large, hooves 3, deformed body, speed 2, tough skin 3
a: no special abilities


You were on level 3 of the Dungeon.
You were not hungry.

You visited 1 branch of the dungeon, and saw 5 of its levels.

You collected 107 gold pieces.

Inventory:

Hand Weapons
 a - a +1 shortbow
 b - a +0 morningstar of holy wrath (weapon)
 i - a +0 short sword
 m - a +0 flail
Missiles
 d - 45 arrows
 e - 32 stones (quivered)
 j - 5 tomahawks
Armour
 c - a +0 leather armour
 l - a +0 chain mail
 r - the +1 robe of Coegia (worn) {MR+ rCorr Stlth+}
   (You found it on level 4 of the Dungeon)

   It affects your resistance to hostile enchantments.
   It provides partial protection from all sources of acid and corrosion.
   It makes you more stealthy.
Jewellery
 p - an uncursed ring of flight {unknown}
Scrolls
 g - 5 scrolls of teleportation {unknown}
 k - 2 scrolls of remove curse {unknown}
 o - 2 scrolls of blinking {unknown}
 q - a scroll of noise {unknown}
Potions
 h - a potion of mutation {unknown}
 s - a potion of flight {unknown}
Comestibles
 f - 7 rations


   Skills:
 - Level 2.0 Fighting
 * Level 8.2 Bows
 + Level 1.5 Armour
 - Level 1.3 Dodging
 - Level 0.4 Stealth


You had 4 spell levels left.
You didn't know any spells.
Your spell library was empty.

Dungeon Overview and Level Annotations

Branches:
Dungeon (5/15)
 Temple: D:4-7

Altars:
Kikubaaqudgha
Qazlal

Shops:
D:4 %


Innate Abilities, Weirdness & Mutations

You have hooves in place of feet.
Armour fits poorly on your strangely shaped body.
You cover ground very quickly.
You have extremely tough skin. (AC +3)


Message History

The adder bites you but does no damage. The adder barely misses you.
You barely miss the adder.
The adder is almost dead.
* * * LOW HITPOINT WARNING * * *
You feel sick. The adder bites you but does no damage. The adder bites you.
* * * LOW HITPOINT WARNING * * *
You are more poisoned.
The adder poisons you!
You hit the adder.
You kill the adder!
* * * LOW HITPOINT WARNING * * *
You feel very sick.
* * * LOW HITPOINT WARNING * * *
You feel sick.
There is a stone staircase leading down here.
* * * LOW HITPOINT WARNING * * *
You feel sick.
* * * LOW HITPOINT WARNING * * *
You feel sick.
You die...

####### .......
####### ### .## $.#
#.# #.# # #.######
#.#.# .......#
.######@#.#
.#####.##..........#
........########.###
######..########># #
#........##.# #
##.#####.##.# # #.#
#.# # ##.## #.#
##<..# #.#


There were no monsters in sight!

Vanquished Creatures
  A howler monkey (D:4)
  6 gnolls (D:4)
  3 adders
  2 oozes
  3 worms
  A dart slug (D:1)
  3 leopard geckos
  4 orcs (D:4)
  3 giant cockroaches
  3 goblins
  4 kobolds
  A ball python (D:1)
  2 bats (D:1)
  3 frilled lizards
  A leopard gecko skeleton (D:4)
  3 rats (D:2)
43 creatures vanquished.

Notes
Turn   | Place    | Note
-------+----------+-------------------------------------------
     0 | D:1      | schauveau the Centaur Hunter began the quest for the Orb.
     0 | D:1      | Reached XP level 1. HP: 17/17 MP: 1/1
   239 | D:1      | Reached skill level 6 in Bows
   239 | D:1      | Reached XP level 2. HP: 22/24 MP: 2/2
   652 | D:3      | Reached XP level 3. HP: 26/29 MP: 3/3
   872 | D:4      | Reached skill level 7 in Bows
   894 | D:4      | Found Riuxtiyr's Food Shoppe.
   924 | D:4      | Reached XP level 4. HP: 30/36 MP: 4/4
  1152 | D:4      | Found an ancient bone altar of Kikubaaqudgha.
  1155 | D:4      | Found a stormy altar of Qazlal.
  1177 | D:4      | Reached skill level 1 in Armour
  1613 | D:4      | Got a creamy pearl robe
  1624 | D:4      | Identified the +1 robe of Coegia {MR+ rCorr Stlth+} (You
                  | found it on level 4 of the Dungeon)
  1804 | D:5      | Entered Level 5 of the Dungeon
  1836 | D:4      | HP: 1/36 [howler monkey (3)]
  1853 | D:4      | Reached skill level 8 in Bows
  1853 | D:4      | Reached XP level 5. HP: 3/41 MP: 5/5
  2238 | D:3      | HP: 2/41 [poisoned by an adder]
  2240 | D:3      | Succumbed to an adder's poison

Skill      XL: |  1  2  3  4 |
---------------+-------------+-----
Bows           | 6 7 8 |  8.2
Armour         | 1 |  1.5
Fighting       | |  2.0
Dodging        | |  1.3
Stealth        | |  0.4

Action                   |  1- 3 |  4- 6 || total
-------------------------+-------+-------++-------
Melee: Short sword       |    38 |       ||    38
       Kick              |     9 |     6 ||    15
       Flail             |    23 |       ||    23
       Morningstar       |       |    50 ||    50
 Fire: Shortbow          |    30 |    37 ||    67
  Use: Potion            |       |     2 ||     2
 Stab: Sleeping          |       |     1 ||     1
  Eat: Ration            |       |     1 ||     1
       Chunk             |       |     1 ||     1
Armor: Leather armour    |    27 |       ||    27
       Chain mail        |     7 |     8 ||    15
       Robe              |       |    25 ||    25
Dodge: Dodged            |    22 |    35 ||    57
